MLB
ATLANTA BRAVES @ SAN DIEGO PADRES
09/05/2046
 
TOP OF THE 1ST
Atlanta Braves batting - Pitching for San Diego Padres : LHP Randolph Rayner
Pitching: LHP Randolph Rayner
Batting: RHB Marc Peckermark 0-0: Ball
1-0: Called Strike
1-1: Bunt for hit to 2R - play at first, batter OUT! 2-3
Batting: RHB Jeckel Hester 0-0: Ball
1-0: Foul Ball, location: 2F
1-1: Foul Ball, location: 2F
1-2: Foul Ball, location: 2F
1-2: Ball
2-2: Strikes out swinging
Batting: RHB Jordan Martin 0-0: Called Strike
0-1: Called Strike
0-2: Ball
1-2: Strikes out swinging
Top of the 1st over - 0 runs, 0 hits, 0 errors, 0 left on base; Atlanta 0 - San Diego 0
BOTTOM OF THE 1ST
San Diego Padres batting - Pitching for Atlanta Braves : LHP Tommy Hall
Pitching: LHP Tommy Hall
Batting: LHB Aaron LeBlanc 0-0: Called Strike
0-1: Ground out 6-3 (Groundball, 6M, EV 106.9 MPH)
Batting: SHB Antoine Roux 0-0: Ball
1-0: Ball
2-0: Ball
3-0: Fly out, F3 (Popup, 34, EV 67.5 MPH)
Batting: LHB Mike Holt 0-0: Ball
1-0: Called Strike
1-1: Hit by Pitch
Batting: RHB Dietmar Warmisch 0-0: Called Strike
0-1: Ball
1-1: Fly out, F8 (Flyball, 8LM, EV 90.0 MPH)
Bottom of the 1st over - 0 runs, 0 hits, 0 errors, 1 left on base; Atlanta 0 - San Diego 0
TOP OF THE 2ND
Atlanta Braves batting - Pitching for San Diego Padres : LHP Randolph Rayner
Batting: RHB Ike Trout 0-0: Ball
1-0: Called Strike
1-1: SOLO HOME RUN (Flyball, 8RXD, EV 113.1 MPH), Distance : 421 ft
Batting: RHB Luis Torres 0-0: Called Strike
0-1: Ball
1-1: Ground out 4-3 (Groundball, 4D, EV 110.0 MPH)
Batting: LHB Matt Sigurdson 0-0: Called Strike
0-1: Ball
1-1: SINGLE (Groundball, 6S, EV 67.5 MPH) (infield hit)
Batting: RHB Zhi-bin Ou-yang 0-0: Fly out, F6 (Line Drive, 6, EV 68.8 MPH)
Batting: RHB Liangde Li 0-0: Ball
1-0: Ball
2-0: Ball
3-0: Called Strike
3-1: Foul Ball, location: 2F
3-2: Ground out 4-3 (Groundball, 4, EV 76.2 MPH)
Top of the 2nd over - 1 run, 2 hits, 0 errors, 1 left on base; Atlanta 1 - San Diego 0
BOTTOM OF THE 2ND
San Diego Padres batting - Pitching for Atlanta Braves : LHP Tommy Hall
Batting: SHB Rich Chavez 0-0: Ball
1-0: SINGLE (Flyball, 9LS, EV 90.0 MPH)
Pitching: RHP Alex Montes
Batting: RHB Chiel Palstermans 0-0: Ball
1-0: Ball
2-0: SINGLE (Line Drive, 3D, EV 98.8 MPH)
Rich Chavez to second
Batting: LHB Ryan Flynn Jr. 0-0: Ball
1-0: Called Strike
1-1: Foul Ball, location: 2F
1-2: Strikes out looking
Batting: LHB Sammy Roddenberry 0-0: Ball
1-0: Grounds into double play, 4-6-3 (Groundball, 4D, EV 101.9 MPH)
Bottom of the 2nd over - 0 runs, 2 hits, 0 errors, 1 left on base; Atlanta 1 - San Diego 0
TOP OF THE 3RD
Atlanta Braves batting - Pitching for San Diego Padres : LHP Randolph Rayner
Batting: LHB Per Meulengracht 0-0: Swinging Strike
0-1: Ball
1-1: Ball
2-1: Foul Ball, location: 2F
2-2: Strikes out swinging
Batting: RHB Marc Peckermark 0-0: SINGLE (Groundball, 6MD, EV 100.0 MPH)
Batting: RHB Jeckel Hester 0-0: Swinging Strike
0-1: Ball
1-1: Called Strike
Marc Peckermark steals 2nd base
1-2: Ball
2-2: Foul Ball, location: 2F
2-2: Strikes out swinging
Batting: RHB Jordan Martin 0-0: Ball
1-0: Ball
2-0: Ball
3-0: Called Strike
3-1: Base on Balls
Batting: RHB Ike Trout 0-0: Ball
1-0: SINGLE (Groundball, 56D, EV 96.2 MPH) (infield hit)
Marc Peckermark to third
Jordan Martin to second
Batting: RHB Luis Torres 0-0: Foul Ball, location: 2F
0-1: Swinging Strike
0-2: Strikes out swinging
Top of the 3rd over - 0 runs, 2 hits, 0 errors, 3 left on base; Atlanta 1 - San Diego 0
BOTTOM OF THE 3RD
San Diego Padres batting - Pitching for Atlanta Braves : RHP Alex Montes
Batting: RHB Luis Villanueva 0-0: Called Strike
0-1: Swinging Strike
0-2: Strikes out swinging
Batting: LHB Aaron LeBlanc 0-0: Foul Ball, location: 2F
0-1: Ball
1-1: Called Strike
1-2: Strikes out swinging
Batting: SHB Antoine Roux 0-0: Ball
1-0: Foul Ball, location: 2F
1-1: Called Strike
1-2: Ground out U3 (Groundball, 3, EV 100.0 MPH)
Bottom of the 3rd over - 0 runs, 0 hits, 0 errors, 0 left on base; Atlanta 1 - San Diego 0
TOP OF THE 4TH
Atlanta Braves batting - Pitching for San Diego Padres : LHP Randolph Rayner
Batting: LHB Matt Sigurdson 0-0: Ball
1-0: Ball
2-0: SINGLE (Groundball, 4MS, EV 74.4 MPH) (infield hit)
Batting: RHB Zhi-bin Ou-yang 0-0: Ball
1-0: Grounds into double play, 5-4-3 (Groundball, 5L, EV 101.2 MPH)
Batting: RHB Liangde Li 0-0: Ball
1-0: Ball
2-0: Ball
3-0: Called Strike
3-1: Called Strike
3-2: Foul Ball, location: 2F
3-2: Foul Ball, location: 2F
3-2: Ground out 4-3 (Groundball, 4, EV 85.0 MPH)
Top of the 4th over - 0 runs, 1 hit, 0 errors, 0 left on base; Atlanta 1 - San Diego 0
BOTTOM OF THE 4TH
San Diego Padres batting - Pitching for Atlanta Braves : RHP Alex Montes
Batting: LHB Mike Holt 0-0: Ball
1-0: Ball
2-0: Ground out 6-3 (Groundball, 4M, EV 88.8 MPH)
Batting: RHB Dietmar Warmisch 0-0: Ball
1-0: Called Strike
1-1: Ball
2-1: Fly out, F9 (Flyball, 9, EV 84.4 MPH)
Batting: SHB Rich Chavez 0-0: Ground out 3-1 (Groundball, 34, EV 80.6 MPH)
Bottom of the 4th over - 0 runs, 0 hits, 0 errors, 0 left on base; Atlanta 1 - San Diego 0
TOP OF THE 5TH
Atlanta Braves batting - Pitching for San Diego Padres : LHP Randolph Rayner
Batting: LHB Per Meulengracht 0-0: Ball
1-0: Ground out 6-3 (Groundball, 6, EV 90.0 MPH)
Batting: RHB Marc Peckermark 0-0: Called Strike
0-1: Ball
1-1: Called Strike
1-2: Strikes out swinging, 2-3 out at first.
Batting: RHB Jeckel Hester 0-0: Ball
1-0: Called Strike
1-1: Foul Ball, location: 2F
1-2: Ball
2-2: Ball
3-2: Base on Balls
Batting: RHB Jordan Martin 0-0: Ball
1-0: Ball
2-0: Ball
3-0: Base on Balls
Jeckel Hester to second
Batting: RHB Ike Trout 0-0: Ball
1-0: Called Strike
1-1: Called Strike
1-2: Ball
2-2: Strikes out looking
Top of the 5th over - 0 runs, 0 hits, 0 errors, 2 left on base; Atlanta 1 - San Diego 0
BOTTOM OF THE 5TH
San Diego Padres batting - Pitching for Atlanta Braves : RHP Alex Montes
Batting: RHB Chiel Palstermans 0-0: Ball
1-0: SINGLE (Line Drive, 4D, EV 96.2 MPH)
Batting: LHB Ryan Flynn Jr. 0-0: Ball
1-0: SINGLE (Groundball, 34S, EV 71.9 MPH) (infield hit)
Chiel Palstermans to second
Batting: LHB Sammy Roddenberry 0-0: Swinging Strike
0-1: DOUBLE (Groundball, 3L, EV 103.8 MPH)
Chiel Palstermans scores
Ryan Flynn Jr. to third
Batting: RHB Luis Villanueva 0-0: Ball
1-0: Ball
2-0: Ball
3-0: Base on Balls
Batting: LHB Aaron LeBlanc 0-0: Ball
1-0: Ball
2-0: Called Strike
2-1: Foul Ball, location: 2F
2-2: Foul Ball, location: 2F
2-2: SINGLE (Flyball, 34D, EV 96.9 MPH)
Ryan Flynn Jr. scores
Sammy Roddenberry to third
Luis Villanueva to second
Batting: SHB Antoine Roux 0-0: Ball
1-0: Ball
2-0: Ball
3-0: SINGLE (Line Drive, 34D, EV 98.8 MPH)
Sammy Roddenberry scores
Luis Villanueva to third
Aaron LeBlanc to second
Batting: LHB Mike Holt 0-0: Called Strike
0-1: Ball
1-1: Ball
2-1: Foul Ball, location: 2F
2-2: Ball
3-2: DOUBLE (Line Drive, 89XD, EV 100.6 MPH)
Luis Villanueva scores
Aaron LeBlanc scores
Antoine Roux to third
Pitching: RHP David Matheney
Batting: RHB Dietmar Warmisch 0-0: TRIPLE (Line Drive, 9D, EV 109.4 MPH)
Antoine Roux scores
Mike Holt scores
Batting: SHB Rich Chavez 0-0: Called Strike
0-1: Ball
1-1: Called Strike
1-2: Ball
2-2: Foul Ball, location: 2F
2-2: Ball
3-2: Base on Balls
Batting: RHB Chiel Palstermans 0-0: Ball
1-0: Ball
2-0: Called Strike
2-1: Ball
3-1: Base on Balls
Rich Chavez to second
Batting: LHB Ryan Flynn Jr. 0-0: DOUBLE (Line Drive, 89D, EV 103.1 MPH)
Dietmar Warmisch scores
Rich Chavez scores
Chiel Palstermans to third
Batting: LHB Sammy Roddenberry 0-0: Called Strike
0-1: Ball
1-1: Ground out 6-3 (Groundball, 6, EV 98.8 MPH)
Chiel Palstermans scores
Batting: RHB Luis Villanueva 0-0: Ball
1-0: Ball
2-0: Ground out 6-3 (Groundball, 6, EV 80.0 MPH)
Ryan Flynn Jr. to third
Batting: LHB Aaron LeBlanc 0-0: Ball
1-0: SINGLE (Line Drive, 56, EV 94.4 MPH)
Ryan Flynn Jr. scores
Pitching: RHP Chong-hun Park
Batting: SHB Antoine Roux 0-0: SINGLE (Groundball, 34S, EV 66.9 MPH) (infield hit)
Aaron LeBlanc to second
Batting: LHB Mike Holt 0-0: Ball
1-0: Ball
2-0: Called Strike
2-1: Fly out, F8 (Flyball, 8RXD, EV 98.8 MPH)
Bottom of the 5th over - 11 runs, 10 hits, 0 errors, 2 left on base; Atlanta 1 - San Diego 11
TOP OF THE 6TH
Atlanta Braves batting - Pitching for San Diego Padres : LHP Randolph Rayner
Batting: RHB Luis Torres 0-0: Ball
1-0: Ball
2-0: Ball
3-0: Base on Balls
Batting: LHB Matt Sigurdson 0-0: SINGLE (Line Drive, 4D, EV 103.1 MPH)
Luis Torres to second
Batting: RHB Zhi-bin Ou-yang 0-0: Ball
1-0: Called Strike
1-1: Ball
2-1: Ball
3-1: Called Strike
3-2: Foul Ball, location: 2F
3-2: Foul Ball, location: 2F
3-2: SINGLE (Flyball, 3D, EV 93.8 MPH)
Luis Torres to third
Matt Sigurdson to second
Batting: RHB Liangde Li 0-0: Ground out 3-1 (Groundball, 34S, EV 73.8 MPH)
Luis Torres scores
Matt Sigurdson to third
Zhi-bin Ou-yang to second
Batting: LHB Per Meulengracht 0-0: Called Strike
0-1: Ball
1-1: Swinging Strike
1-2: Ball
2-2: Foul Ball, location: 2F
2-2: Ground out 4-3 (Groundball, 4, EV 101.9 MPH)
Matt Sigurdson scores
Zhi-bin Ou-yang to third
Batting: RHB Marc Peckermark 0-0: Foul Ball, location: 2F
0-1: Ball
1-1: Ball
2-1: Foul Ball, location: 2F
2-2: Hit by Pitch
Pitching: RHP Tom Ackerman
Batting: RHB Jeckel Hester 0-0: DOUBLE (Line Drive, 7LM, EV 101.9 MPH)
Zhi-bin Ou-yang scores
Marc Peckermark to third
Batting: RHB Jordan Martin 0-0: Called Strike
0-1: Foul Ball, location: 2F
0-2: Ball
1-2: Strikes out swinging
Top of the 6th over - 3 runs, 3 hits, 0 errors, 2 left on base; Atlanta 4 - San Diego 11
BOTTOM OF THE 6TH
San Diego Padres batting - Pitching for Atlanta Braves : RHP Chong-hun Park
Batting: RHB Dietmar Warmisch 0-0: Foul Ball, location: 2F
0-1: Ball
1-1: Foul Ball, location: 2F
1-2: Ball
2-2: Foul Ball, location: 2F
2-2: Reached on error, E5 (Groundball, 56, EV 89.4 MPH)
Batting: SHB Rich Chavez 0-0: Ball
1-0: Ball
2-0: Ball
3-0: Called Strike
3-1: Foul Ball, location: 2F
3-2: Strikes out swinging
Batting: RHB Chiel Palstermans 0-0: Ball
1-0: Foul Ball, location: 2F
1-1: Swinging Strike
1-2: Strikes out swinging
Batting: LHB Ryan Flynn Jr. 0-0: Ball
1-0: Foul Ball, location: 2F
1-1: Called Strike
1-2: Ball
2-2: Strikes out looking
Bottom of the 6th over - 0 runs, 0 hits, 1 error, 1 left on base; Atlanta 4 - San Diego 11
TOP OF THE 7TH
Atlanta Braves batting - Pitching for San Diego Padres : RHP Tom Ackerman
Batting: RHB Ike Trout 0-0: Ball
1-0: Ball
2-0: Ball
3-0: Base on Balls
Pinch Hitting: RHB Ramon Villarreal 0-0: Ball
1-0: Ball
2-0: Grounds into double play, 6-4-3 (Groundball, 6, EV 86.9 MPH)
Batting: LHB Matt Sigurdson 0-0: Swinging Strike
0-1: Foul Ball, location: 2F
0-2: Strikes out swinging
Top of the 7th over - 0 runs, 0 hits, 0 errors, 0 left on base; Atlanta 4 - San Diego 11
BOTTOM OF THE 7TH
San Diego Padres batting - Pitching for Atlanta Braves : RHP Chong-hun Park
Now at SS: Ramon Villarreal
Batting: LHB Sammy Roddenberry 0-0: Ball
1-0: Ball
2-0: Called Strike
2-1: Foul Ball, location: 2F
2-2: Fly out, F7 (Flyball, 7D, EV 90.6 MPH)
Batting: RHB Luis Villanueva 0-0: Ball
1-0: Foul Ball, location: 2F
1-1: Ball
2-1: Ball
3-1: Swinging Strike
3-2: Fly out, F9 (Flyball, 9LM, EV 89.4 MPH)
Batting: LHB Aaron LeBlanc 0-0: Called Strike
0-1: Ball
1-1: Foul Ball, location: 2F
1-2: Fly out, F3 (Line Drive, 3L, EV 66.9 MPH)
Bottom of the 7th over - 0 runs, 0 hits, 0 errors, 0 left on base; Atlanta 4 - San Diego 11
TOP OF THE 8TH
Atlanta Braves batting - Pitching for San Diego Padres : RHP Tom Ackerman
Batting: RHB Zhi-bin Ou-yang 0-0: Swinging Strike
0-1: Ball
1-1: Foul Ball, location: 2F
1-2: SINGLE (Groundball, 56, EV 105.6 MPH) (infield hit)
Batting: RHB Liangde Li 0-0: Ball
1-0: Called Strike
1-1: Ball
2-1: Ball
3-1: Base on Balls
Zhi-bin Ou-yang to second
Batting: LHB Per Meulengracht 0-0: Ball
1-0: Ball
2-0: Ball
3-0: Base on Balls
Zhi-bin Ou-yang to third
Liangde Li to second
Batting: RHB Marc Peckermark 0-0: Called Strike
0-1: Called Strike
0-2: Ball
1-2: Ball
2-2: Strikes out swinging
Pitching: RHP Raul Almonte
Batting: RHB Jeckel Hester 0-0: Swinging Strike
0-1: Foul Ball, location: 2F
0-2: Strikes out looking
Batting: RHB Jordan Martin 0-0: Called Strike
0-1: SINGLE (Line Drive, 78S, EV 108.1 MPH)
Zhi-bin Ou-yang scores
Liangde Li to third
Per Meulengracht to second
Runner from 3rd tries for Home, SAFE, throw by LF to home
Batting: RHB Ike Trout 0-0: Called Strike
0-1: Called Strike
0-2: Strikes out swinging
Top of the 8th over - 2 runs, 2 hits, 0 errors, 2 left on base; Atlanta 6 - San Diego 11
BOTTOM OF THE 8TH
San Diego Padres batting - Pitching for Atlanta Braves : RHP Chong-hun Park
Batting: SHB Antoine Roux 0-0: Ball
1-0: Ball
2-0: Ball
3-0: Called Strike
3-1: Base on Balls
Batting: LHB Mike Holt 0-0: Ball
1-0: Ball
2-0: Ball
3-0: 2-RUN HOME RUN (Flyball, 9D, EV 103.8 MPH), Distance : 416 ft
Batting: RHB Dietmar Warmisch 0-0: Called Strike
0-1: Ground out 5-3 (Groundball, 25, EV 85.0 MPH)
Batting: SHB Rich Chavez 0-0: Called Strike
0-1: Ball
1-1: Fly out, F7 (Flyball, 7S, EV 81.9 MPH)
Batting: RHB Chiel Palstermans 0-0: Called Strike
0-1: Ball
1-1: Fly out, F3 (Popup, 23F, EV 84.4 MPH)
Bottom of the 8th over - 2 runs, 1 hit, 0 errors, 0 left on base; Atlanta 6 - San Diego 13
TOP OF THE 9TH
Atlanta Braves batting - Pitching for San Diego Padres : RHP Raul Almonte
Batting: RHB Ramon Villarreal 0-0: Called Strike
0-1: Swinging Strike
0-2: Strikes out looking
Batting: LHB Matt Sigurdson 0-0: Ball
1-0: Ball
2-0: Ball
3-0: Called Strike
3-1: Swinging Strike
3-2: Strikes out swinging
Batting: RHB Zhi-bin Ou-yang 0-0: Ball
1-0: Ground out 6-3 (Groundball, 6M, EV 106.2 MPH)
Top of the 9th over - 0 runs, 0 hits, 0 errors, 0 left on base; Atlanta 6 - San Diego 13
Tuesday, September 13th , 2022 - OOTP Baseball 23.7 Build 88